Map: White Rabbit LE

Players

SCIInewby

  • Race: Protoss Protoss
  • League: Master
  • Spawn Location: 1:00

Babar - Winner!

  • Race: Protoss Protoss
  • League: Silver
  • Spawn Location: 7:00

VOD

Have the link to the VOD?

Description

Time

  • Played on: Feb. 10, 2026, 10:52 a.m.
  • Length: 8:08
Show
View Real Time Build Order
Export as new Build Order

SCIInewby Protoss 

Build Orders:  

Get SALT Encoding   

  12  0:00  Probe  
  13  0:12  Probe  
  14  0:20  Pylon  
  14  0:28  Probe  
  15  0:39  Forge  
  15  0:45  Probe  
  16  0:53  Probe  
  17  1:20  Pylon  
  17  1:28  Gateway  
  17  1:29  Probe  
  18  1:33  Photon Cannon  
  18  1:37  Probe  
  18  1:47  Photon Cannon  
  18  1:52  Probe  
  19  1:58  Assimilator  
  19  2:04  Probe  
  20  2:09  Nexus  
  20  2:23  Cybernetics Core  
  20  2:35  Assimilator  
  20  2:47  Assimilator  
  20  2:49  Assimilator, Probe  
  21  2:53  Warp Gate  
  21  2:58  Zealot  
  23  3:01  Probe  
  24  3:14  Gateway  
  24  3:16  Pylon  
  24  3:24  Probe  
  24  3:25  Probe, Gateway  
  25  3:32  Probe  
  25  3:33  Probe  
  27  3:45  Zealot  
  29  3:54  Pylon  
  29  3:56  Pylon  
  29  3:57  Probe  
  30  4:03  Zealot  
  30  4:07  Probe  
  34  4:10  Probe  
  34  4:15  Probe, Protoss Ground Weapons Level 1  
  34  4:22  Probe  
  36  4:38  Probe x2, Twilight Council  
  38  4:50  Probe x2  
  38  4:52  Charge  
  40  4:57  Pylon  
  40  5:02  Probe  
  40  5:06  Stalker  
  43  5:10  Sentry  
  43  5:11  Zealot  
  43  5:12  Pylon  
  47  5:35  Photon Cannon  
  47  5:44  Zealot x2  
  47  5:45  Zealot, Gateway  
  53  6:12  Probe x2  
  53  6:14  Stargate  
  53  6:16  Stargate  
  53  6:17  Zealot  
  53  6:18  Zealot x2  
  59  6:24  Probe x2  
  63  6:36  Probe x2  
  49  6:58  Stalker x2  
  49  6:59  Stalker  
  43  7:13  Photon Cannon  
  25  7:45  Photon Cannon  
  16  7:52  Photon Cannon  
  16  7:56  Stalker, Zealot x2  
Show
View Real Time Build Order
Export as new Build Order

Babar Protoss - Winner!

Build Orders:  

Get SALT Encoding   

  12  0:20  Probe  
  13  0:28  Pylon, Probe  
  14  0:36  Probe  
  15  0:47  Probe  
  16  0:51  Gateway  
  16  0:56  Forge  
  16  0:59  Probe  
  17  1:11  Pylon  
  17  1:33  Photon Cannon  
  17  1:37  Assimilator  
  17  1:40  Probe  
  18  1:48  Probe  
  19  1:58  Probe, Cybernetics Core  
  20  2:06  Probe  
  20  2:07  Assimilator  
  20  2:14  Probe  
  21  2:21  Pylon  
  22  2:35  Warp Gate  
  22  2:41  Gateway  
  22  2:58  Robotics Facility  
  22  3:20  Protoss Ground Weapons Level 1  
  22  3:25  Probe  
  22  3:33  Probe  
  23  3:38  Nexus  
  24  3:42  Pylon  
  24  3:43  Probe  
  24  3:46  Assimilator  
  25  3:55  Gateway  
  25  3:57  Photon Cannon  
  25  4:14  Twilight Council  
  29  4:24  Immortal  
  29  4:49  Probe  
  30  4:57  Probe  
  30  5:03  Warp Prism  
  30  5:05  Dark Shrine  
  30  5:07  Probe  
  34  5:15  Probe  
  34  5:17  Gateway  
  35  5:23  Probe  
  36  5:31  Shield Battery  
  36  5:33  Probe  
  37  5:42  Stalker  
  39  5:43  Stalker  
  39  5:45  Probe  
  42  5:56  Protoss Ground Armor Level 1  
  42  5:57  Probe  
  43  6:05  Probe  
  43  6:06  Assimilator  
  44  6:15  Probe  
  45  6:27  Probe  
  45  6:30  Dark Templar x3  
  45  6:31  Dark Templar  
  54  6:39  Probe  
  47  7:07  Dark Templar x2  
  47  7:08  Dark Templar  
  47  8:03  Dark Templar x2  
  47  8:04  Dark Templar x2  
Tags
 
Matchup
PvP
Replay Pack
Multiplayer
Spawn Locations
Cross Positions
Add a new tag
Caveats
  • Supply blocks, unpowered buildings, or Contaminate may cause inaccurate times.
  • Supply counts are checked every 10 seconds.